 Dungeon Sprint DCSS version 0.24.0-125-gc4c63601f3 (webtiles) character file.

Game seed: 10446724091902242961, levelgen mode: deterministic

800000 Ponchio the Warrior (level 11, 118/118 HPs)
             Began as a Green Draconian Berserker on Mar 4, 2020.
             Was a Follower of Trog.
             Got out of the dungeon alive.
             The game lasted 00:00:35 (8 turns).

Ponchio the Warrior (Green Draconian Berserker)        Turns: 8, Time: 00:00:36

Health: 118/118    AC:  7    Str: 19    XL:     11   Next: 71%
Magic:  11/11      EV: 22    Int:  8    God:    Trog [*.....]
Gold:   0          SH:  0    Dex: 14    Spells: 10/10 levels left

rFire    . . .     SeeInvis .   i - +∞ Axe of Woe
rCold    . . .     Gourm    .   (shield currently unavailable)
rNeg     . . .     Faith    .   (armour unavailable)
rPois    +         Spirit   .   (helmet restricted)
rElec    .         Reflect  .   (no cloak)
rCorr    .         Harm     .   (no gloves)
MR       .....     NoTele   +   (no boots)
Stlth    +.........             (no amulet)
HPRegen  0.29/turn              (no ring)
MPRegen  0.12/turn              (no ring)

@: no status effects
A: breathe noxious fumes, unfitting armour, poison resistance, cold-blooded, AC
+7
a: Breathe Noxious Fumes, Berserk, Renounce Religion


You escaped.
You worshipped Trog.
Trog was aware of your devotion.
You were not hungry.

You visited 1 branch

Inventory:

Hand Weapons
 a - a +0 hand axe
 i - the +∞ Axe of Woe (weapon)
   (You found it in the Dungeon)
Scrolls
 h - a scroll of blinking
Potions
 c - a potion of curing
 d - a potion of heal wounds
 e - a potion of haste
 f - 2 potions of magic
 g - a potion of berserk rage
Comestibles
 b - a ration


   Skills:
 + Level 17.9 Fighting
 + Level 16.6 Axes
 + Level 15.5 Dodging


You had 10 spell levels left.
You didn't know any spells.
Your spell library was empty.

Dungeon Overview and Level Annotations

Branches:
Dungeon (1/1)

Altars:
Makhleb


Innate Abilities, Weirdness & Mutations

You can breathe blasts of noxious fumes.
Your lurid green scales are hard. (AC +7)
You cannot fit into any form of body armour.
Your system is resistant to poisons. (rPois)
You are cold-blooded and may be slowed by cold attacks.


Message History

You feel agile.
Your scales feel tougher.
You have reached level 7!
Your scales start taking on a lurid green colour.
You learn Poison Magic much quicker.
You can breathe blasts of noxious fumes.
You feel resistant to poisons.
You have reached level 8!
You feel agile.
You have reached level 9!
Your experience leads to an increase in your attributes!
Increase (S)trength, (I)ntelligence, or (D)exterity?
You feel agile.
Your scales feel tougher.
You have reached level 10!
You have reached level 11!
You hear a shout! x12
A bag of meat comes into view. It is wielding a +9 war axe.
You hear a shout!
Are you sure you want to leave the Dungeon?
This will make you lose the game!
You hear a shout! x7
You have escaped!

.. .. #. .# #..
..# .###..
..###.
......###......
....._o....
#.....# #_.@._#
#o)o..#
.o..._.....
.O....###o.....
.###.. ..###.
#.. ..# #. o#
.. ..


You could see a meat berserker (berserk) and 6 bags of meat.

Vanquished Creatures
  An orc (D)
1 creature vanquished.

Notes
Turn   | Place    | Note
-------+----------+-------------------------------------------
     0 | D        | Found the +∞ Axe of Woe
     0 | D        | Ponchio the Draconian Berserker began the quest for the
                  | Orb.
     0 | D        | Reached XP level 1. HP: 19/19 MP: 1/1
     1 | D        | Noticed a bag of meat
     2 | D        | Noticed a bag of meat
     3 | D        | Noticed a bag of meat
     3 | D        | Noticed a bag of meat
     3 | D        | Noticed a bag of meat
     4 | D        | Noticed a bag of meat
     6 | D        | Killed a bag of meat
     6 | D        | Reached skill level 17 in Fighting
     6 | D        | Reached skill level 15 in Dodging
     6 | D        | Reached XP level 2. HP: 52/52 MP: 2/2
     6 | D        | Reached XP level 3. HP: 59/59 MP: 3/3
     6 | D        | Reached XP level 4. HP: 68/68 MP: 4/4
     6 | D        | Reached XP level 5. HP: 74/74 MP: 5/5
     6 | D        | Reached XP level 6. HP: 82/82 MP: 6/6
     6 | D        | Your scales start taking on a lurid green colour.
     6 | D        | Reached XP level 7. HP: 89/89 MP: 7/7
     6 | D        | Gained mutation: Your system is resistant to poisons.
                  | (rPois) [Green Draconian growth]
     6 | D        | Reached XP level 8. HP: 97/97 MP: 8/8
     6 | D        | Reached XP level 9. HP: 104/104 MP: 9/9
     6 | D        | Reached XP level 10. HP: 112/112 MP: 10/10
     6 | D        | Reached XP level 11. HP: 118/118 MP: 11/11
     6 | D        | Noticed a bag of meat
     7 | D        | Noticed a meat berserker
     8 | D        | Got out of the dungeon alive.

Levels and vault maps discovered:
D:        meatsprint

Skill      XL: |  1 |
---------------+----+-----
Fighting       | 17 | 17.9
Axes           | 16 | 16.6
Dodging        | 15 | 15.5

Action                   |  1- 3 |  4- 6 |  7- 9 | 10-12 || total
-------------------------+-------+-------+-------+-------++-------
Melee: Executioner's axe |     1 |       |       |       ||     1
